 Dungeon Crawl Stone Soup version 0.29.0-13-gc9e81de378 (webtiles) character file.

Game seed: 17362440210828697610

10728 greasedhog the Skirmisher (level 11, -16/92 HPs)
             Began as a Gnoll Hunter on Sept 7, 2022.
             Was an Elder of Okawaru.
             Demolished by a large abomination (21 damage)
             ... on level 2 of the Abyss.
             The game lasted 00:17:22 (9290 turns).

greasedhog the Skirmisher (Gnoll Hunter)            Turns: 9290, Time: 00:17:23

Health: -16/92     AC: 12    Str:  8 (10) XL:     11   Next: 66%
Magic:  21/21      EV: 17    Int:  7 (9)  God:    Okawaru [****..]
Gold:   620        SH:  0    Dex: 16 (20) Spells: 11/23 levels left

rFire   + + .      SeeInvis +   L - +4 falchion
rCold   . . .      Faith    .   (no shield)
rNeg    . . .      Spirit   .   v - +1 ring mail of the Locust {Contam Harm rElec rF++}
rPois   .          Reflect  .   k - +2 hat
rElec   +          Harm     +   (no cloak)
rCorr   .          Rampage  .   d - +2 pair of gloves
Will    .....                   (no boots)
Stlth   +++.......              q - amulet of regeneration
HPRegen 1.05/turn               i - +4 ring of evasion
MPRegen 0.17/turn               D - ring of see invisible

@: mighty, about to teleport, studying Fighting, unable to drink
A: fangs 1, strong nose, distributed training, [deterioration 2], [inability to
drink after injury 2]
a: Renounce Religion, Heroism, Finesse


You were on level 2 of the Abyss.
You worshipped Okawaru.
Okawaru was greatly pleased with you.
You visited 3 branches of the dungeon, and saw 12 of its levels.
You visited the Abyss 1 time.

You collected 620 gold pieces.

Inventory:

Hand Weapons
 a - a +0 shortbow
 o - a +1 short sword of draining
 E - a +6 vorpal quarterstaff
 I - the +1 dagger "Qikadgh" {vorpal, rF++}
   (You found it on level 7 of the Dungeon)

   It inflicts extra damage upon your enemies.
   rF:        It greatly protects you from fire.
 L - a +4 falchion (weapon)
Missiles
 J - 3 throwing nets
 O - 6 curare-tipped darts
Armour
 d - a +2 pair of gloves (worn)
 k - a +2 hat (worn)
 v - the +1 ring mail of the Locust (worn) {Contam Harm rElec rF++}
   (You found it on level 5 of the Dungeon)

   rF:        It greatly protects you from fire.
   rElec:     It insulates you from electricity.
   Contam:    It causes magical contamination when unequipped.
   Harm:      It increases damage dealt and taken.
 F - a +2 leather armour of poison resistance
Jewellery
 i - a +4 ring of evasion (left hand)
 q - an amulet of regeneration (around neck)
 D - a ring of see invisible (right hand)
 G - a ring of magical power
 Q - a ring of protection from fire
Wands
 g - a wand of paralysis (8)
 l - a wand of flame (29)
 w - a wand of light (7)
Scrolls
 b - 2 scrolls of immolation
 e - a scroll of silence
 h - 5 scrolls of fog
 n - 3 scrolls of amnesia
 r - 2 scrolls of teleportation
 t - 3 scrolls of enchant weapon
 u - a scroll of fear
 y - a scroll of torment
 B - a scroll of acquirement {unknown}
 K - 2 scrolls of poison
 N - 2 scrolls of blinking {unknown}
Potions
 c - a potion of magic {unknown}
 f - 4 potions of lignification
 m - 2 potions of might
 p - a potion of heal wounds {unknown}
 s - a potion of resistance {unknown}
 z - 2 potions of ambrosia {unknown}
 A - 2 potions of brilliance {unknown}
 C - 3 potions of degeneration
 H - a potion of cancellation {unknown}
 M - a potion of mutation {unknown}
 P - 2 potions of curing


   Skills:
 + Level 10.5 Fighting
 + Level 6.7 Short Blades
 + Level 6.7 Long Blades
 + Level 6.7 Axes
 + Level 6.7 Maces & Flails
 + Level 6.7 Polearms
 + Level 6.7 Staves
 + Level 10.9 Ranged Weapons
 + Level 6.7 Throwing
 + Level 6.7 Armour
 + Level 8.2 Dodging
 + Level 7.2 Stealth
 + Level 6.7 Shields
 + Level 6.7 Unarmed Combat
 + Level 6.7 Spellcasting
 + Level 5.6 Conjurations
 + Level 5.6 Hexes
 + Level 5.6 Summonings
 + Level 5.6 Necromancy
 + Level 5.6 Translocations
 + Level 5.6 Transmutations
 + Level 5.6 Fire Magic
 + Level 5.6 Ice Magic
 + Level 5.6 Air Magic
 + Level 5.6 Earth Magic
 + Level 5.6 Poison Magic
 + Level 7.4 Invocations
 + Level 6.7 Evocations


You had 11 spell levels left.
You knew the following spells:

 Your Spells              Type           Power      Damage    Failure   Level
a - Cause Fear            Hex            5%         N/A       52%         4
b - Wereblood             Tmut           10%        N/A       10%         2
c - Inner Flame           Hex/Fire       10%        N/A       19%         3
d - Swiftness             Air            10%        N/A       19%         3

Your spell library contained the following spells:

 Spells                   Type           Power      Damage    Failure   Level
 Apportation              Tloc           20%        N/A       6%          1
 Beastly Appendage        Tmut           20%        N/A       6%          1
 Necrotise                Necr           40%        1d6       6%          1
 Ensorcelled Hibernation  Hex/Ice        20%        N/A       10%         2
 Passwall                 Tmut/Erth      8%         N/A       10%         2
 Static Discharge         Conj/Air       10%        3-5/arc   10%         2
 Confusing Touch          Hex            10%        N/A       19%         3
 Frozen Ramparts          Ice            20%        1d4       19%         3
 Gell's Gravitas          Tloc           10%        N/A       19%         3
 Ignite Poison            Fire/Tmut/Pois 10%        N/A       19%         3
 Mephitic Cloud           Conj/Pois/Air  10%        N/A       19%         3
 Spider Form              Tmut/Pois      10%        N/A       19%         3
 Teleport Other           Tloc           10%        N/A       19%         3
 Ice Form                 Ice/Tmut       10%        N/A       52%         4
 Freezing Cloud           Conj/Ice/Air   5%         6-21      86%         5
 Lightning Bolt           Conj/Air       5%         1d17      86%         5
 Yara's Violent Unravell  Hex/Tmut       5%         3d4       86%         5
 Conjure Ball Lightning   Conj/Air       5%         3x3d6     100%        6
 Dispersal                Tloc           5%         N/A       100%        6
 Enfeeble                 Hex            5%         N/A       100%        7
 Discord                  Hex            5%         N/A       100%        8
 Disjunction              Tloc           5%         N/A       100%        8
 Maxwell's Capacitive Co  Air            5%         ∞         100%        8
 Summon Small Mammal      Summ           Unusable   N/A       N/A         1
 Summon Ice Beast         Ice/Summ       Unusable   N/A       N/A         4

Dungeon Overview and Level Annotations

Branches:
Dungeon (10/15)            Temple (1/1) D:7            Lair (0/5) D:9
    Orc (1/2) D:9

Altars:
Ashenzari
Cheibriados
Dithmenos
Elyvilon
Fedhas
Gozag
Hepliaklqana
Kikubaaqudgha
Makhleb
Nemelex Xobeh
Okawaru
Qazlal
Ru
Sif Muna
Trog
Uskayaw
Vehumet
Wu Jian
Xom
Yredelemnul
Zin
The Shining One


Innate Abilities, Weirdness & Mutations

You have very sharp teeth.
Your uncanny sense of smell can sniff out nearby items.
Your experience applies equally to all skills.
[Your body often deteriorates upon taking damage.]
[You sometimes lose the ability to drink potions when taking damage.]


Message History

The large abomination misses you.
The large abomination closely misses you.
You hit the large abomination.
You bite the large abomination, but do no damage.
The large abomination is moderately damaged.
The large abomination hits you!!
You hit the large abomination.
The large abomination is heavily damaged.
The large abomination hits you!!
You barely miss the large abomination.
The large abomination is heavily damaged.
The large abomination misses you.
A wretched star comes into view.
You hit the large abomination but do no damage.
The large abomination is heavily damaged.
The large abomination hits you!
* * * LOW HITPOINT WARNING * * *
Unknown command.
As you read the scroll of teleportation, it crumbles to dust.
You feel strangely unstable.
You feel the power of the Abyss delaying your translocation!
The large abomination barely misses you. x2
You feel better.
The wretched star pulses with an eldritch light!
You feel yourself wasting away.
You feel your body start to fall apart. The large abomination hits you!!
* * * LOW HITPOINT WARNING * * *
Your body deteriorates!
You feel clumsy.
It was a potion of degeneration.
There was something very wrong with that liquid.
You feel weakened.
You feel dopey.
You feel clumsy.
The large abomination closely misses you.
It was a potion of might.
You feel very mighty all of a sudden.
The wretched star pulses with an eldritch light!
You occasionally lose the ability to drink potions when taking damage.
You lose the ability to drink potions when taking damage more often.
The large abomination hits you!!
You feel threatened and lose the ability to drink potions!
You die...

...#. .... ##
.#. .## ..#
..# ##.§ #..
...##### #.#
#X*..### #..
#.##@....## .
#......#..#
..##.#...# .
#.......#.#.
#...#..##...##
.. ###.#
...#...#.#
...#...#.....#
###..# ... .##
#.# ####. #


You could see a wretched star and a large abomination.

Vanquished Creatures
  Gastronok (D:8)
  3 death yaks
  Joseph (D:7)
  Maggie (D:7)
  2 trolls
  Prince Ribbit (D:9)
  Grinder (D:6)
  A shadow (D:10)
  13 yaks (D:9)
  3 wyverns
  A steam dragon (D:9)
  3 vampire mosquitoes (D:10)
  A water moccasin (D:5)
  2 ice beasts (D:7)
  An orc warrior (D:10)
  2 sky beasts (D:7)
  2 black bears
  An ogre (D:6)
  7 centaurs
  A phantom (D:5)
  6 kobold brigands
  3 bullfrogs
  2 necrophages
  A gnoll sergeant (D:8)
  2 scorpions
  5 wights
  6 howler monkeys
  A gnoll bouda (D:8)
  6 hounds
  A jelly (D:6)
  3 orc priests
  3 iguanas
  7 orc wizards
  8 gnolls (D:8)
  7 adders
  3 shadow imps (D:7)
  3 white imps (D:7)
  A worm (D:5)
  3 dart slugs
  22 orcs
  7 ball pythons
  10 bats
  3 endoplasms
  5 giant cockroaches
  5 goblins
  7 hobgoblins
  12 jackals
  4 quokkas
  4 frilled lizards
  25 kobolds
  10 rats
233 creatures vanquished.

Vanquished Creatures (others)
  A howler monkey (D:9)
1 creature vanquished.

Grand Total: 234 creatures vanquished

Notes
Turn   | Place    | Note
-------+----------+-------------------------------------------
     0 | D:1      | greasedhog the Gnoll Hunter began the quest for the Orb.
     0 | D:1      | Reached XP level 1. HP: 20/20 MP: 1/1
   188 | D:1      | Reached XP level 2. HP: 26/26 MP: 2/2
   321 | D:1      | Found a faded altar of an unknown god.
   343 | D:1      | Reached XP level 3. HP: 31/31 MP: 3/3
   780 | D:2      | Reached skill level 1 in Invocations
   861 | D:2      | Reached skill level 1 in Short Blades
   861 | D:2      | Reached skill level 1 in Long Blades
   861 | D:2      | Reached skill level 1 in Axes
   861 | D:2      | Reached skill level 1 in Maces & Flails
   861 | D:2      | Reached skill level 1 in Polearms
   861 | D:2      | Reached skill level 1 in Staves
   861 | D:2      | Reached skill level 1 in Throwing
   861 | D:2      | Reached skill level 1 in Armour
   861 | D:2      | Reached skill level 1 in Shields
   861 | D:2      | Reached skill level 1 in Unarmed Combat
   861 | D:2      | Reached skill level 1 in Spellcasting
   861 | D:2      | Reached skill level 1 in Evocations
  1135 | D:2      | Reached XP level 4. HP: 38/38 MP: 5/5
  1194 | D:2      | You fall into a shaft and drop 2 floors!
  1197 | D:4      | Noticed a centaur
  1197 | D:4      | Noticed a centaur
  1510 | D:2      | Reached skill level 1 in Conjurations
  1510 | D:2      | Reached skill level 1 in Hexes
  1510 | D:2      | Reached skill level 1 in Summonings
  1510 | D:2      | Reached skill level 1 in Necromancy
  1510 | D:2      | Reached skill level 1 in Translocations
  1510 | D:2      | Reached skill level 1 in Transmutations
  1510 | D:2      | Reached skill level 1 in Fire Magic
  1510 | D:2      | Reached skill level 1 in Ice Magic
  1510 | D:2      | Reached skill level 1 in Air Magic
  1510 | D:2      | Reached skill level 1 in Earth Magic
  1510 | D:2      | Reached skill level 1 in Poison Magic
  1907 | D:3      | Reached XP level 5. HP: 43/43 MP: 7/7
  2148 | D:3      | Learned a level 4 spell: Cause Fear
  2805 | D:4      | Killed a centaur
  2806 | D:4      | Reached skill level 5 in Fighting
  2806 | D:4      | Reached skill level 5 in Dodging
  2806 | D:4      | Reached XP level 6. HP: 48/51 MP: 7/9
  3119 | D:5      | Entered Level 5 of the Dungeon
  3166 | D:5      | Identified the +1 ring mail of the Locust {Contam Harm
                  | rElec rF++}
  3261 | D:5      | Noticed a water moccasin
  3276 | D:5      | Killed a water moccasin
  3277 | D:5      | Reached XP level 7. HP: 56/56 MP: 10/10
  3968 | D:6      | Noticed Grinder
  3974 | D:6      | Paralysed by Grinder for 2 turns
  3984 | D:6      | Killed Grinder
  3985 | D:6      | Reached XP level 8. HP: 57/64 MP: 12/12
  4891 | D:7      | Reached XP level 9. HP: 53/72 MP: 14/14
  5165 | D:7      | Noticed Maggie
  5191 | D:7      | Killed Maggie
  5192 | D:7      | Reached skill level 5 in Stealth
  5347 | D:7      | Reached skill level 5 in Invocations
  5368 | D:7      | Noticed a troll
  5386 | D:7      | Killed a troll
  5414 | D:7      | Noticed Joseph
  5446 | D:7      | Killed Joseph
  5545 | D:7      | Reached skill level 5 in Short Blades
  5545 | D:7      | Reached skill level 5 in Long Blades
  5545 | D:7      | Reached skill level 5 in Axes
  5545 | D:7      | Reached skill level 5 in Maces & Flails
  5545 | D:7      | Reached skill level 5 in Polearms
  5545 | D:7      | Reached skill level 5 in Staves
  5545 | D:7      | Reached skill level 5 in Throwing
  5545 | D:7      | Reached skill level 5 in Armour
  5545 | D:7      | Reached skill level 5 in Shields
  5545 | D:7      | Reached skill level 5 in Unarmed Combat
  5545 | D:7      | Reached skill level 5 in Spellcasting
  5545 | D:7      | Reached skill level 5 in Evocations
  5545 | D:7      | Reached XP level 10. HP: 79/80 MP: 17/17
  5566 | D:7      | Reached skill level 10 in Ranged Weapons
  5595 | D:7      | Identified the +1 dagger "Qikadgh" {vorpal, rF++}
  5744 | D:7      | Found a staircase to the Ecumenical Temple.
  5753 | Temple   | Entered the Ecumenical Temple
  6060 | Temple   | Became a worshipper of Warmaster Okawaru
  6597 | D:8      | Noticed Gastronok
  6628 | D:8      | Killed Gastronok
  6628 | D:8      | Reached * piety under Okawaru
  6628 | D:8      | Reached ** piety under Okawaru
  7126 | D:9      | Noticed a death yak
  7128 | D:9      | Noticed a death yak
  7157 | D:8      | Killed a death yak
  7251 | D:9      | Noticed a death yak
  7279 | D:9      | Killed a death yak
  7280 | D:9      | Reached skill level 5 in Conjurations
  7280 | D:9      | Reached skill level 5 in Hexes
  7280 | D:9      | Reached skill level 5 in Summonings
  7280 | D:9      | Reached skill level 5 in Necromancy
  7280 | D:9      | Reached skill level 5 in Translocations
  7280 | D:9      | Reached skill level 5 in Transmutations
  7280 | D:9      | Reached skill level 5 in Fire Magic
  7280 | D:9      | Reached skill level 5 in Ice Magic
  7280 | D:9      | Reached skill level 5 in Air Magic
  7280 | D:9      | Reached skill level 5 in Earth Magic
  7280 | D:9      | Reached skill level 5 in Poison Magic
  7280 | D:9      | Reached XP level 11. HP: 89/89 MP: 18/20
  7323 | D:9      | Killed a death yak
  7323 | D:9      | Reached *** piety under Okawaru
  7375 | D:9      | Reached skill level 10 in Fighting
  7394 | D:9      | Found a staircase to the Lair.
  7419 | D:9      | Learned a level 2 spell: Wereblood
  7423 | D:9      | Learned a level 3 spell: Inner Flame
  7427 | D:9      | Learned a level 3 spell: Swiftness
  7923 | D:9      | Reached **** piety under Okawaru
  7962 | D:9      | Noticed Prince Ribbit
  7975 | D:9      | Killed Prince Ribbit
  8014 | D:9      | Found a staircase to the Orcish Mines.
  8099 | D:9      | Received a gift from Okawaru
  8156 | D:9      | Found a hazy altar of Hepliaklqana.
  8210 | D:10     | Entered Level 10 of the Dungeon
  9226 | Orc:1    | Entered Level 1 of the Orcish Mines
  9234 | Orc:1    | Noticed a two-headed ogre
  9240 | Abyss:2  | Found a corrupted altar of Lugonu.
  9240 | Abyss:2  | Cast into level 2 of the Abyss (orc warrior)
  9274 | Abyss:2  | Noticed a large abomination
  9285 | Abyss:2  | Noticed a wretched star
  9288 | Abyss:2  | HP: 3/92 [large abomination (28)]
  9290 | Abyss:2  | Demolished by a large abomination

Illustrated notes

Levels and vault maps discovered:
D:1:      evilmike_arrival_rings, layout_basic,
          hellmonk_ecumenical_altar_dog_temple, dreamdust_princess_bridge
D:2:      layout_loops_cross, kennysheep_path_1
D:3:      layout_basic, minmay_misc_feat_nine_boxes
D:4:      layout_loops_corners, minmay_manual_mares
D:5:      layout_basic, grunt_ministairs_15
D:6:      layout_cave_pods, serial_column_ruins, column_ruins_grid_1,
          column_ruins_open_medium, column_ruins_columns_plus,
          column_ruins_grid_1, column_ruins_columns_T, column_ruins_grid_3,
          dk_noncrumbling_2, uniq_grinder
D:7:      minmay_bubble_buster, layout_basic, lemuel_temple_firewalk_b,
          uniq_maggie, uniq_joseph
D:8:      layout_basic, uniq_gastronok
D:9:      layout_loops_cross, nicolae_hepliaklqana_hippocampus,
          dpeg_lair_monsters, orc_0_dummy, kennysheep_generic_room_3,
          uniq_prince_ribbit1
D:10:     layout_small_grid, serial_glass, glass_columns_b, glass_columns_a,
          glass_columns_c, glass_columns_b, glass_columns_a, glass_columns_a,
          glass_columns_a, glass_columns_b, glass_columns_a, glass_columns_a
Temple:   regret_index_temple_sigil_plot
Orc:1:    layout_caves, serial_shops, shop
Abyss:2:  base: Lair:3, spicy_abyss_pitcher_plant

Skill      XL: |  1  2  3  4  5  6  7  8  9 10 11 |
---------------+----------------------------------+-----
Invocations    | 1 2 3 4 5 6 7 |  7.4
Short Blades   | 1 2 3 5 6 |  6.7
Long Blades    | 1 2 3 5 6 |  6.7
Axes           | 1 2 3 5 6 |  6.7
Maces & Flails | 1 2 3 5 6 |  6.7
Polearms       | 1 2 3 5 6 |  6.7
Staves         | 1 2 3 5 6 |  6.7
Throwing       | 1 2 3 5 6 |  6.7
Armour         | 1 2 3 5 6 |  6.7
Shields        | 1 2 3 5 6 |  6.7
Unarmed Combat | 1 2 3 5 6 |  6.7
Spellcasting   | 1 2 3 5 6 |  6.7
Evocations     | 1 2 3 5 6 |  6.7
Conjurations   | 1 2 3 4 5 |  5.6
Hexes          | 1 2 3 4 5 |  5.6
Summonings     | 1 2 3 4 5 |  5.6
Necromancy     | 1 2 3 4 5 |  5.6
Translocations | 1 2 3 4 5 |  5.6
Transmutations | 1 2 3 4 5 |  5.6
Fire Magic     | 1 2 3 4 5 |  5.6
Ice Magic      | 1 2 3 4 5 |  5.6
Air Magic      | 1 2 3 4 5 |  5.6
Earth Magic    | 1 2 3 4 5 |  5.6
Poison Magic   | 1 2 3 4 5 |  5.6
Fighting       | 5 6 7 8 9 10 | 10.5
Dodging        | 5 6 7 8 |  8.2
Stealth        | 3 4 5 6 7 |  7.2
Ranged Weapons | 9 10 | 10.9

Action                   |  1- 3 |  4- 6 |  7- 9 | 10-12 || total
-------------------------+-------+-------+-------+-------++-------
Melee: Short sword       |       |    36 |   142 |   292 ||   470
       Bite              |       |     5 |    20 |    62 ||    87
       Punch             |       |     1 |     6 |    21 ||    28
       Quarterstaff      |       |       |       |    14 ||    14
       Falchion          |       |       |       |     6 ||     6
 Fire: Shortbow          |   119 |   124 |   211 |   197 ||   651
 Cast: Wereblood         |       |       |       |     2 ||     2
Evoke: Wand              |       |       |       |     4 ||     4
  Use: Scroll            |       |     5 |     6 |     4 ||    15
       Potion            |       |       |     2 |    10 ||    12
 Stab: Sleeping          |       |       |     2 |       ||     2
       Distracted        |       |       |     1 |       ||     1
       Invisible         |       |       |       |     4 ||     4
Armor: Leather armour    |    10 |    34 |       |       ||    44
       Ring mail         |       |     9 |    66 |    69 ||   144
       Skin              |       |       |     7 |       ||     7
Dodge: Dodged            |    26 |   154 |   200 |   376 ||   756
